 Dungeon Crawl Stone Soup version 0.21.1-1-g345015fe64 (webtiles) character file.

44 Revguard the Conjurer (level 3, -3/26 HPs)
             Began as a Draconian Conjurer on June 12, 2018.
             Was a Follower of Sif Muna.
             Hit by a tomahawk of dispersal thrown by a gnoll (6 damage)
             ... on level 2 of the Dungeon.
             The game lasted 00:05:15 (948 turns).

Revguard the Conjurer (Draconian Conjurer)           Turns: 948, Time: 00:05:17

Health: -3/26      AC:  5    Str: 10    XL:     3   Next: 41%
Magic:  3/6        EV: 12    Int: 15    God:    Sif Muna [*.....]
Gold:   27         SH:  0    Dex: 12    Spells: 3/6 levels left

rFire    . . .     SeeInvis .   (no weapon)
rCold    . . .     Gourm    .   (no shield)
rNeg     . . .     Faith    .   (armour unavailable)
rPois    .         Spirit   .   (helmet restricted)
rElec    .         Reflect  .   (no cloak)
rCorr    .         Harm     .   (no gloves)
MR       .....                  (no boots)
Stlth    +.........             (no amulet)
HPRegen  0.08/turn              (no ring)
MPRegen  0.10/turn              (no ring)

@: very slow
A: unfitting armour, cold-blooded, AC +5
a: Divine Energy, Renounce Religion


You were on level 2 of the Dungeon.
You worshipped Sif Muna.
Sif Muna was aware of your devotion.
You were hungry.

You visited 1 branch of the dungeon, and saw 2 of its levels.

You collected 27 gold pieces.

Inventory:

Scrolls
 c - a scroll of identify {unknown}
Books
 a - a book of Conjurations

   Spells                             Type                      Level
   a - Magic Dart                     Conjuration                  1
   b - Searing Ray                    Conjuration                  2
   c - Dazzling Spray                 Conjuration/Hexes            3
   d - Fulminant Prism                Conjuration/Hexes            4
   e - Force Lance                    Conjuration/Translocation    4
   f - Iskenderun's Mystic Blast      Conjuration                  4
Comestibles
 b - a ration


   Skills:
 + Level 1.9 Dodging
 + Level 2.0 Stealth
 + Level 0.5 Unarmed Combat
 * Level 2.4 Spellcasting
 + Level 4.7 Conjurations


You had 3 spell levels left.
You knew the following spells:

 Your Spells              Type           Power        Failure   Level  Hunger
a - Magic Dart            Conj           ###.         3%          1    #......
b - Searing Ray           Conj           ###...       4%          2    ###....


Dungeon Overview and Level Annotations

Branches:
Dungeon (2/15)

Altars:
Sif Muna

Annotations:
D:2 Terence


Innate Abilities, Weirdness & Mutations

Your plain brown scales are hard. (AC +5)
You cannot fit into any form of body armour.
You are cold-blooded and may be slowed by cold attacks.


Message History

The goblin moves out of view.
Terence hits you with a mace. Why would you want to do that?
Why would you want to do that?
You enter the shallow water.
Moving in this stuff is going to be slow.
A giant cockroach comes into view.
The giant cockroach moves out of view.
Terence hits you with a mace!
* * * LOW HITPOINT WARNING * * *
The gnoll throws a tomahawk of dispersal.
The tomahawk of dispersal barely misses you.
Terence shouts, "Get ready for death!"
You enter the shallow water.
Moving in this stuff is going to be slow.
The gnoll throws a tomahawk of dispersal.
The tomahawk of dispersal closely misses you.
Terence says, "You're history."
The gnoll throws a tomahawk of dispersal.
The tomahawk of dispersal hits you.
You die...

#.#.≈≈≈≈≈≈≈≈≈≈.......#
#.#≈≈≈≈≈..≈≈≈≈gg######
#.#.≈≈≈≈≈_.≈≈≈..#
#....≈≈≈...≈≈≈≈.#
#....≈≈≈≈≈≈≈≈≈..#
#.#.≈≈≈≈≈≈≈≈≈≈..#
#.#..≈≈≈≈≈≈≈≈≈..#
....≈....≈≈.≈≈..#
.#≈...≈.≈@@..≈.#
##############....
.### .# .# .#


You could see Terence and 2 gnolls.

Vanquished Creatures
  Jessica (D:2)
  A dart slug (D:1)
  4 bats (D:1)
  2 giant cockroaches (D:1)
  A goblin (D:1)
  A hobgoblin (D:1)
  A ball python (D:2)
  4 frilled lizards
  A kobold (D:1)
  3 rats
19 creatures vanquished.

Notes
Turn   | Place    | Note
-------+----------+-------------------------------------------
     0 | D:1      | Revguard the Draconian Conjurer began the quest for the Orb.
     0 | D:1      | Reached XP level 1. HP: 14/14 MP: 3/3
   352 | D:1      | Reached XP level 2. HP: 18/20 MP: 0/5
   356 | D:1      | Learned a level 2 spell: Searing Ray
   891 | D:2      | Found a faded altar of an unknown god.
   905 | D:2      | Became a worshipper of Sif Muna the Loreminder
   905 | D:2      | Reached * piety under Sif Muna
   918 | D:2      | Noticed Jessica
   925 | D:2      | Killed Jessica
   925 | D:2      | Reached XP level 3. HP: 26/26 MP: 1/6
   940 | D:2      | Noticed Terence
   948 | D:2      | Hit by a tomahawk of dispersal thrown by a gnoll

Skill      XL: |  1  2 |
---------------+-------+-----
Stealth        | 2 |  2.0
Dodging        | |  1.9
Unarmed Combat | |  0.5
Spellcasting   | |  2.4
Conjurations   | |  4.7

Action                   || total
-------------------------++-------
Melee: Unarmed           ||    23
       Tailslap          ||     2
 Cast: Magic Dart        ||    34
       Searing Ray       ||     1
  Use: Scroll            ||     2
       Potion            ||     2
Armor: Skin              ||     7
Dodge: Dodged            ||    16
